Map: Overgrowth LE (Void)

Players

BuRny - Winner!

  • Race: Terran Terran
  • League: Master
  • Spawn Location: 1:00

A.I. 1 (Very Easy)

  • Race: Zerg Zerg
  • Spawn Location: 7:00

VOD

Have the link to the VOD?

Description

Time

  • Played on: Dec. 28, 2016, 10:12 a.m.
  • Length: 6:35
Show
View Real Time Build Order
Export as new Build Order

BuRny Terran - Winner!

Build Orders: Reaper Expand 

Get SALT Encoding   

  12  0:00  SCV  
  13  0:13  SCV  
  14  0:17  Supply Depot  
  14  0:25  SCV  
  15  0:39  SCV  
  15  0:40  Barracks  
  16  0:46  Refinery  
  16  0:51  SCV  
  17  1:03  SCV  
  18  1:15  SCV  
  19  1:27  Orbital Command  
  19  1:29  Reaper  
  20  1:37  Command Center  
  20  1:47  Barracks  
  20  1:52  SCV  
  21  2:01  Barracks Reactor  
  21  2:05  SCV  
  22  2:09  Supply Depot  
  22  2:10  Refinery  
  22  2:17  SCV  
  23  2:24  Factory  
  23  2:31  SCV  
  23  2:34  Barracks Tech Lab  
  24  2:37  Marine x2  
  24  2:43  SCV  
  27  2:49  Orbital Command  
  27  2:53  Stimpack  
  27  2:55  SCV  
  28  2:59  Marine  
  28  3:00  Marine  
  28  3:05  Marine  
  31  3:07  SCV  
  31  3:08  Factory Reactor  
  32  3:15  SCV  
  32  3:18  Marine x2  
  32  3:19  SCV  
  36  3:24  Starport  
  36  3:25  Marine  
  37  3:29  SCV  
  37  3:33  SCV  
  39  3:36  Marine x2  
  39  3:38  Supply Depot  
  41  3:41  SCV  
  41  3:43  Marine  
  41  3:46  SCV  
  41  3:47  Supply Depot  
  44  3:53  SCV  
  45  3:58  SCV  
  45  3:59  Hellion x2, Marine  
  45  4:00  Marine  
  52  4:05  Supply Depot  
  52  4:07  SCV  
  52  4:08  Starport Reactor  
  53  4:10  SCV  
  53  4:15  Supply Depot  
  54  4:17  Marine  
  54  4:19  SCV  
  54  4:21  Hellion  
  54  4:22  SCV  
  61  4:24  Hellion  
  61  4:25  Marine  
  61  4:26  Marine  
  63  4:31  SCV  
  63  4:34  Armory  
  63  4:35  Marine  
  65  4:39  SCV  
  65  4:42  Hellion  
  65  4:43  Marine  
  65  4:44  Marine  
  72  4:45  Hellion  
  72  4:47  SCV  
  72  4:48  Medivac  
  72  4:50  Medivac  
  77  4:57  SCV, Engineering Bay  
  78  5:03  Supply Depot  
  78  5:06  SCV, Marine x2  
  81  5:07  Supply Depot  
  81  5:09  Supply Depot  
  81  5:10  Hellion  
  81  5:13  Hellion  
  85  5:16  Marine  
  86  5:22  Supply Depot  
  86  5:25  Medivac  
  86  5:26  Medivac  
  86  5:28  Marine  
  91  5:30  Marine  
  91  5:34  SCV x2  
  94  5:35  Marine  
  95  5:46  Marine  
  96  5:50  SCV  
  96  5:53  Command Center, Marine x2  
  96  5:56  SCV  
  100  6:00  Hellion  
  100  6:02  SCV  
  100  6:03  Marine  
  104  6:08  Hellion  
  104  6:11  SCV  
  110  6:14  SCV  
  113  6:23  SCV  
  115  6:28  Supply Depot  
  115  6:29  Supply Depot  
Show
View Real Time Build Order
Export as new Build Order

A.I. 1 (Very Easy) Zerg 

Build Orders: Pool Only 

Get SALT Encoding   

  12  0:00  Drone  
  13  0:12  Overlord  
  13  0:17  Drone  
  14  0:35  Spawning Pool  
  13  0:37  Extractor  
  13  0:39  Drone  
  13  0:46  Drone  
  14  0:51  Overlord  
  14  1:22  Zergling x2  
  14  1:25  Queen  
  17  1:29  Roach Warren  
  17  1:31  Extractor  
  15  1:34  Drone  
  16  1:40  Zergling x2  
  16  1:41  Drone  
  18  1:55  Drone  
  18  1:59  Zergling x2  
  20  2:06  Drone  
  21  2:17  Drone  
  22  2:28  Drone  
  23  2:31  Overlord  
  23  2:35  Drone  
  24  2:42  Drone  
  25  4:28  Zergling x2  
  25  5:47  Roach  
  25  5:48  Drone, Overlord  
  28  5:55  Drone  
  25  6:03  Drone  
  24  6:08  Overlord  
  24  6:10  Drone  
  22  6:17  Drone  
Tags
 
Add a new tag
Caveats
  • Supply blocks, unpowered buildings, or Contaminate may cause inaccurate times.
  • Supply counts are checked every 10 seconds.